 Dungeon Crawl Stone Soup version 0.29.1 (webtiles) character file.

Game seed: 7287568351152342932

28 funnyparkerb the Slasher (level 3, -3/29 HPs)
             Began as a Merfolk Monk on Sept 13, 2022.
             Slain by Sigmund
             ... wielding a +0 scythe of protection
              (10 damage)
             ... on level 2 of the Dungeon.
             The game lasted 00:01:37 (1144 turns).

funnyparkerb the Slasher (Merfolk Monk)             Turns: 1144, Time: 00:01:38

Health: -3/29      AC:  2    Str: 11    XL:     3   Next: 12%
Magic:  0/3        EV: 15    Int:  9    God:
Gold:   67         SH:  0    Dex: 24    Spells: 2/2 levels left

rFire   . . .      SeeInvis .   a - +0 falchion
rCold   . . .      Faith    .   (no shield)
rNeg    . . .      Spirit   +   b - +0 robe
rPois   .          Reflect  .   (no helmet)
rElec   .          Harm     .   (no cloak)
rCorr   .          Rampage  .   (no gloves)
Will    .....                   (no boots)
Stlth   +++.......              e - amulet of guardian spirit
HPRegen 0.09/turn               h - +6 ring of dexterity
MPRegen 0.08/turn               (no ring)

@: no status effects
A: (nimble swimmer 2), mertail
a: no special abilities


You were on level 2 of the Dungeon.
You visited 1 branch of the dungeon, and saw 2 of its levels.

You collected 67 gold pieces.

Inventory:

Hand Weapons
 a - a +0 falchion (weapon)
Missiles
 i - a boomerang (quivered)
 j - 4 javelins
Armour
 b - a +0 robe (worn)
Jewellery
 e - an amulet of guardian spirit (around neck)
 h - a +6 ring of dexterity (left hand)
Scrolls
 g - a scroll of fog {unknown}
 k - a scroll of identify {unknown}
Potions
 c - a potion of ambrosia
 d - a potion of degeneration {unknown}
 f - a potion of attraction {unknown}


   Skills:
 - Level 3.2 Fighting
 + Level 5.1 Long Blades
 - Level 4.0 Dodging
 - Level 2.1 Stealth


You had 2 spell levels left.
You didn't know any spells.
Your spell library was empty.

Dungeon Overview and Level Annotations

Branches:
Dungeon (2/15)

Altars:

Annotations:
D:2 Sigmund


Innate Abilities, Weirdness & Mutations

((You are very nimble when in or above water. (Stealth+, EV+, Speed+++)))
Your lower body shifts to a powerful aquatic tail in water.


Message History

You hit Sigmund but do no damage.
Sigmund hits you with a +0 scythe of protection.
You hit Sigmund.
Sigmund is lightly wounded.
Sigmund barely misses you.
You slash Sigmund!
Sigmund is heavily wounded.
Sigmund points at you and mumbles some strange words.
The magic dart hits you!
You closely miss Sigmund.
Sigmund is heavily wounded.
Sigmund says, "Now you see me, now you don't..."
Sigmund closely misses you.
You hit Sigmund but do no damage.
Sigmund is heavily wounded.
You hit Sigmund.
Sigmund is heavily wounded.
Sigmund hits you with a +0 scythe of protection!
* * * LOW HITPOINT WARNING * * *
You closely miss Sigmund.
Sigmund is heavily wounded.
Sigmund misses you.
You closely miss Sigmund.
Sigmund is heavily wounded.
You hit Sigmund.
Sigmund is severely wounded.
Sigmund closely misses you.
You barely miss Sigmund.
Sigmund is severely wounded.
Sigmund closely misses you.
You completely miss Sigmund.
Sigmund is severely wounded.
Sigmund barely misses you.
You closely miss Sigmund.
Sigmund is severely wounded.
You closely miss Sigmund.
Sigmund is severely wounded.
Sigmund giggles. "Time to reap what you sow."
Sigmund hits you with a +0 scythe of protection!
You die...

##########
.......<.#
########.#
#######.).#####
#.......#.......
...#####...#####.
............#
.########.#.....
#@###### #.@.#
#...# #...# ###.#
.# .# .# ..


You could see Sigmund.

Vanquished Creatures
  A ball python (D:1)
  5 endoplasms
  A giant cockroach (D:1)
  2 goblins (D:1)
  3 hobgoblins (D:1)
  3 kobolds (D:1)
  4 quokkas (D:1)
  A frilled lizard (D:1)
  2 rats (D:1)
22 creatures vanquished.

Notes
Turn   | Place    | Note
-------+----------+-------------------------------------------
     0 | D:1      | funnyparkerb the Merfolk Monk began the quest for the Orb.
     0 | D:1      | Reached XP level 1. HP: 18/18 MP: 1/1
   100 | D:1      | Reached skill level 4 in Long Blades
   175 | D:1      | Reached XP level 2. HP: 14/24 MP: 2/2
   543 | D:1      | Found a faded altar of an unknown god.
   841 | D:1      | Reached skill level 5 in Long Blades
   841 | D:1      | Reached XP level 3. HP: 29/29 MP: 3/3
  1125 | D:2      | Noticed Sigmund
  1144 | D:2      | Slain by Sigmund

Illustrated notes

Levels and vault maps discovered:
D:1:      dpeg_arrival_ternary, layout_basic,
          shapermc_ecumenical_altar_totnotflames
D:2:      layout_loops_ring, uniq_sigmund

Skill      XL: |  1  2 |
---------------+-------+-----
Long Blades    | 4 5 |  5.1
Fighting       | |  3.2
Dodging        | |  4.0
Stealth        | |  2.1

Action                   || total
-------------------------++-------
Melee: Falchion          ||    79
       Punch             ||     1
Throw: Boomerang         ||     5
 Stab: Sleeping          ||     3
Armor: Robe              ||     8
Dodge: Dodged            ||    49
